 Dungeon Crawl Stone Soup version 0.29.1-14-g9c671dbff4 (webtiles) character file.

Game seed: 16948237391891684914

191 Smoke131 the Magician (level 5, 0/30 HPs)
             Began as a Deep Elf Fire Elementalist on Feb 21, 2023.
             Killed from afar by an acid dragon (30 damage)
             ... with a splash of acid
             ... on level 5 of the Dungeon.
             The game lasted 00:09:24 (3898 turns).

Smoke131 the Magician (Deep Elf Fire Elementalist)  Turns: 3898, Time: 00:09:25

Health: 0/30       AC:  4    Str:  5    XL:     5   Next: 41%
Magic:  22/22      EV: 32    Int: 22    God:
Gold:   181        SH:  0    Dex: 15    Spells: 6/12 levels left

rFire   . . .      SeeInvis .   o - +0 spear
rCold   . . .      Faith    .   (no shield)
rNeg    . . .      Spirit   .   a - +0 robe
rPois   .          Reflect  .   (no helmet)
rElec   .          Harm     .   (no cloak)
rCorr   .          Rampage  .   f - +1 pair of gloves
Will    .....                   (no boots)
Stlth   ++........              j - amulet of the acrobat
HPRegen 0.10/turn               g - +4 ring of evasion
MPRegen 0.18/turn               i - ring of magical power

@: acrobatic
A: no striking features
a: no special abilities


You were on level 5 of the Dungeon.
You visited 1 branch of the dungeon, and saw 5 of its levels.

You collected 181 gold pieces.

Inventory:

Hand Weapons
 o - a +0 spear (weapon)
Armour
 a - a +0 robe (worn)
 f - a +1 pair of gloves (worn)
Jewellery
 g - a +4 ring of evasion (left hand)
 h - an amulet of faith
 i - a ring of magical power (right hand)
 j - an amulet of the acrobat (around neck)
 l - a ring of poison resistance
Wands
 q - a wand of digging (9)
Scrolls
 d - a scroll of amnesia
 m - a scroll of teleportation
Potions
 b - a potion of magic
 e - a potion of cancellation
 k - a potion of curing {unknown}
 p - 2 potions of flight


   Skills:
 + Level 1.6 Fighting
 + Level 1.3 Armour
 + Level 3.6 Dodging
 - Level 2.4 Stealth
 + Level 4.1 Spellcasting
 + Level 2.3 Conjurations
 + Level 4.0 Fire Magic


You had 6 spell levels left.
You knew the following spells:

 Your Spells              Type           Power      Damage    Failure   Level
a - Foxfire               Conj/Fire      72%        2x1d7     3%          1
b - Scorch                Fire           44%        2d7       3%          2
c - Conjure Flame         Conj/Fire      18%        6-21      9%          3

Your spell library contained the following spells:

 Spells                   Type           Power      Damage    Failure   Level
 Summon Small Mammal      Summ           16%        N/A       11%         1
 Inner Flame              Hex/Fire       13%        N/A       14%         3
 Ensorcelled Hibernation  Hex/Ice        8%         N/A       17%         2
 Passwall                 Tmut/Erth      3%         N/A       17%         2
 Ignite Poison            Fire/Tmut/Pois 10%        N/A       19%         3
 Stone Arrow              Conj/Erth      18%        3d8       21%         3
 Mephitic Cloud           Conj/Pois/Air  8%         N/A       24%         3
 Flame Wave               Conj/Fire      18%        2d7       30%         4
 Call Canine Familiar     Summ           4%         N/A       32%         3
 Summon Guardian Golem    Hex/Summ       4%         N/A       32%         3
 Swiftness                Air            4%         N/A       32%         3
 Animate Armour           Summ/Erth      8%         N/A       73%         4
 Freezing Cloud           Conj/Ice/Air   4%         6-21      92%         5
 Lehudib's Crystal Spear  Conj/Erth      4%         10d3      100%        8


Dungeon Overview and Level Annotations

Branches:
Dungeon (4/15)
 Temple: D:4-7

Altars:

Shops:
D:1 *[[=(


Message History

Your Fire Magic skill increases to level 4!
You start resting.
A gnoll comes into view. It is wielding a +0 halberd.
A gnoll is nearby!
The gnoll shouts!
Press: ? - help, v - describe, . - travel The floor.
Casting: Scorch (safe; 3% risk of failure)
Confirm with . or Enter, or press ? or * to list all spells.
Flames lash the gnoll.
The gnoll is severely wounded.
The gnoll's fire resistance burns away.
A gnoll comes into view. It is wielding a +0 spear.
Casting: Scorch (safe; 3% risk of failure)
Confirm with . or Enter, or press ? or * to list all spells.
Flames lash the gnoll.
The gnoll is burned terribly!
You kill the gnoll!
You see here a +0 halberd.
Casting: Scorch (safe; 3% risk of failure)
Confirm with . or Enter, or press ? or * to list all spells.
Flames lash the gnoll.
The gnoll is moderately wounded.
The gnoll's fire resistance burns away.
The gnoll misses you.
Casting: Scorch (safe; 3% risk of failure)
Confirm with . or Enter, or press ? or * to list all spells.
Flames lash the gnoll.
The gnoll is burned terribly!
You kill the gnoll!
You see here a +0 club.
Magic restored.
You see here a +0 spear.
A sourceless malevolence fills the Dungeon...
You fall into a shaft and drop 1 floor!
The shaft crumbles and collapses.
Found a brass wand.
An acid dragon comes into view.
The acid dragon roars!
The acid dragon spits acid at you. The splash of acid hits you!!
Ouch! That really hurt!
You die...

#. #. #.
#. ###
#.##.##
#.....####
#.......+
#@...####
#.#.##
#.### #.#
#.# #.#
..# D##


You could see an acid dragon (catching breath).

Vanquished Creatures
  An iguana (D:4)
  2 orc wizards (D:3)
  4 gnolls (D:4)
  An adder (D:4)
  2 worms
  A dart slug (D:1)
  7 orcs
  6 ball pythons
  3 endoplasms
  3 giant cockroaches
  2 goblins (D:2)
  3 hobgoblins
  4 jackals (D:3)
  2 kobolds
  4 quokkas
  3 bats
  4 frilled lizards
  3 rats (D:1)
55 creatures vanquished.

Vanquished Creatures (others)
  118 foxfires
118 creatures vanquished.

Grand Total: 173 creatures vanquished

Notes
Turn   | Place    | Note
-------+----------+-------------------------------------------
     0 | D:1      | Smoke131 the Deep Elf Fire Elementalist began the quest for
                  | the Orb.
     0 | D:1      | Reached XP level 1. HP: 10/10 MP: 6/6
   338 | D:1      | Found Piasupn's Antique Armour Shop.
   405 | D:1      | Found Ussilui's Jewellery Emporium.
   436 | D:1      | Found Quxzuwi's Weapon Shop.
   484 | D:1      | Reached XP level 2. HP: 15/15 MP: 6/8
   570 | D:1      | Found Sixzeramea's Antique Armour Emporium.
   789 | D:1      | Found Coromuer's General Store.
  1356 | D:1      | Learned a level 2 spell: Scorch
  1712 | D:2      | Reached XP level 3. HP: 20/20 MP: 9/9
  2051 | D:2      | Reached skill level 1 in Fighting
  2271 | D:3      | Learned a level 3 spell: Conjure Flame
  2373 | D:3      | Identified the +1 ring mail of Mopuom {-Tele rN+ Dex+5}
  2398 | D:3      | Found a faded altar of an unknown god.
  2873 | D:3      | Reached XP level 4. HP: 25/25 MP: 11/11
  3399 | D:3      | Reached skill level 1 in Armour
  3578 | D:4      | Reached XP level 5. HP: 29/29 MP: 9/12
  3893 | D:4      | You fall into a shaft and drop 1 floor!
  3893 | D:5      | Entered Level 5 of the Dungeon
  3898 | D:5      | Noticed an acid dragon
  3898 | D:5      | Killed from afar by an acid dragon

Illustrated notes

Levels and vault maps discovered:
D:1:      nicolae_arrival_somewhat_less_tricky_arrival, layout_loops_cross,
          serial_shops, nicolae_shop_stone, nicolae_shop_hallway_stairs,
          nicolae_shop_statue_plus, shop, shop
D:2:      mumra_celtic_spiral_tile, layout_basic, minmay_misc_feat_rugged
D:3:      layout_loops_ring, shapermc_ecumenical_altar_pompeii,
          wander_ebering_terrifying_dragon_lair
D:4:      layout_rooms, minmay_temple_entry_proselytizer
D:5:      layout_loops_corners

Skill      XL: |  1  2  3  4  5 |
---------------+----------------+-----
Fighting       | 1 |  1.6
Dodging        | 3 |  3.6
Armour         | 1 |  1.3
Conjurations   | 2 |  2.3
Spellcasting   | 4 |  4.1
Fire Magic     | 4 |  4.0
Stealth        | |  2.4

Action                   |  1- 3 |  4- 6 || total
-------------------------+-------+-------++-------
Melee: Unarmed           |    15 |       ||    15
       Dagger            |    31 |       ||    31
       Spear             |    12 |    13 ||    25
 Cast: Foxfire           |    57 |    22 ||    79
       Scorch            |     4 |    15 ||    19
  Use: Scroll            |       |     5 ||     5
 Stab: Sleeping          |     7 |       ||     7
Armor: Robe              |    14 |       ||    14
Dodge: Dodged            |    67 |    22 ||    89
